 Dungeon Crawl Stone Soup version 0.28.0-1-gb440e238dd (webtiles) character file.

Game seed: 3878212543821505243

4575 SweetAndFullOfGrace the Cleaver (level 10, -6/132 HPs)
             Began as a Minotaur Berserker on Feb 19, 2022.
             Was an Elder of Trog.
             Mangled by an orc warrior (9 damage)
             ... in a bailey.
             The game lasted 00:17:28 (6491 turns).

SweetAndFullOfGrace the Cleaver (MiBe)              Turns: 6491, Time: 00:17:29

Health: -6/132     AC: 16    Str: 25    XL:     10   Next: 18%
Magic:  9/9        EV: 12    Int:  4    God:    Trog [****..]
Gold:   774        SH:  0    Dex: 11    Spells: 9/9 levels left

rFire   . . .      SeeInvis .   t - +0 war axe
rCold   + . .      Faith    .   (no shield)
rNeg    . . .      Spirit   .   j - +3 scale mail {rC+}
rPois   .          Reflect  .   o - +2 hat
rElec   .          Harm     .   p - +0 cloak
rCorr   .          Rampage  .   r - +0 pair of gloves
Will    .....                   A - +0 pair of boots
Stlth   ..........              (no amulet)
HPRegen 0.32/turn               (no ring)
MPRegen 0.11/turn               (no ring)

@: berserking, very quick
A: horns 2, retaliatory headbutt
a: Renounce Religion, Berserk, Trog's Hand, Brothers in Arms


You were in a bailey.
You worshipped Trog.
Trog was greatly pleased with you.
You visited 2 branches of the dungeon, and saw 8 of its levels.
You also visited: Ossuary and Bailey.

You collected 843 gold pieces.
You spent 69 gold pieces at shops.

Inventory:

Hand Weapons
 t - a +0 war axe (weapon)
Missiles
 h - 78 stones (quivered)
 u - 77 sling bullets
 v - 8 poisoned darts
 x - 5 throwing nets
 y - 74 arrows
 B - 19 boomerangs
 G - 6 curare-tipped darts
 H - 4 atropa-tipped darts
Armour
 j - a +3 scale mail of cold resistance (worn)
 k - +0 steam dragon scales
 o - a +2 hat (worn)
 p - a +0 cloak (worn)
 r - a +0 pair of gloves (worn)
 A - a +0 pair of boots (worn)
Wands
 s - a wand of iceblast (16)
Scrolls
 b - 2 scrolls of magic mapping
 c - a scroll of summoning
 d - a scroll of fear
 g - a scroll of noise
 m - a scroll of enchant weapon {unknown}
 n - 4 scrolls of teleportation
 q - a scroll of holy word {unknown}
 w - a scroll of fog
 C - a scroll of blinking {unknown}
 D - 2 scrolls of vulnerability
 E - a scroll of immolation {unknown}
 F - a scroll of enchant armour {unknown}
Potions
 a - 2 potions of haste
 e - 2 potions of lignification
 f - 4 potions of heal wounds
 i - a potion of berserk rage
 l - a potion of curing
 z - a potion of magic {unknown}


   Skills:
 + Level 7.7 Fighting
 * Level 13.7 Axes
 + Level 7.2 Armour
 + Level 6.6 Dodging


You had 9 spell levels left.
You didn't know any spells.
Your spell library was empty.

Dungeon Overview and Level Annotations

Branches:
Dungeon (7/15)             Temple (1/1) D:4         Ossuary (visited)
 Bailey (1/1)

Altars:
Ashenzari
Dithmenos
Elyvilon
Fedhas
Gozag
Kikubaaqudgha
Makhleb
Nemelex Xobeh
Okawaru
Qazlal
Ru
Sif Muna
Trog
Uskayaw
Vehumet
Wu Jian
Xom
Yredelemnul
Zin
The Shining One

Shops:
D:3 *

Annotations:
D:4 3 runed translucent doors, PerfectTommy's ghost, amateur GnWn
D:7 1 exclusion


Innate Abilities, Weirdness & Mutations

You have a pair of horns on your head.
You reflexively headbutt those who attack you in melee.


Message History

The orc knight is severely wounded.
You hit the orc warrior.
The orc warrior hits you with a +0 war axe.
You closely miss the orc knight.
You headbutt the orc knight, but do no damage.
The orc knight is severely wounded.
You hit the orc warrior.
The orc knight hits you with a +0 war axe.
The orc warrior completely misses you.
You hit the orc knight.
The orc knight is severely wounded.
You hit the orc warrior.
The orc knight hits you with a +0 war axe.
The orc warrior hits you but does no damage.
You closely miss the orc knight.
The orc knight is severely wounded.
You barely miss the orc warrior.
The orc knight hits you with a +0 war axe!!
* * * LOW HITPOINT WARNING * * *
The orc warrior barely misses you.
You completely miss the orc knight.
The orc knight is severely wounded.
You slash the orc warrior!
You kill the orc warrior!
Trog accepts your kill.
The orc knight hits you with a +0 war axe!
* * * LOW HITPOINT WARNING * * *
Your Armour skill increases to level 7!
A red film seems to cover your vision as you go berserk!
You feel yourself moving faster!
You feel mighty!
The orc warrior hits you with a +0 broad axe!
* * * LOW HITPOINT WARNING * * *
The orc knight hits you but does no damage.
You slice the orc knight!!
You kill the orc knight!
Trog accepts your kill.
You closely miss the orc warrior. You completely miss the orc warrior.
The orc warrior hits you with a +0 broad axe!
You die...

..... ... ###'###
##.....## #...8...#
#∩)....∩# ##.....##
####o''####
##≈.@)....≈##
#####≈≈.......≈≈####
#....≈≈.......≈≈....
#.###≈≈.......≈≈###.
....≈≈.......≈≈....
#.###≈≈.......≈≈###.
...≈≈.......≈≈....
###≈≈....)..≈≈###.
..≈≈.......≈≈....


You could see an orc warrior (strong).

Vanquished Creatures
  Harold (D:7)
  2 orc knights (Bailey)
  A steam dragon (D:7)
  An orc warrior (Bailey)
  3 black bears
  A sky beast (D:5)
  3 ice beasts
  2 ogres
  A centaur (D:7)
  4 elf zombies (Ossuary)
  5 kobold brigands (Bailey)
  A phantom (D:5)
  3 bullfrogs
  3 scorpions
  A wyvern skeleton (D:7)
  A jelly (D:5)
  A howler monkey (D:6)
  7 centaur zombies
  3 human zombies (Ossuary)
  Crazy Yiuf (D:3)
  2 orc priests
  A hound (D:7)
  3 iguanas
  Ijyb (D:3)
  Terence (D:2)
  An orc wizard (D:5)
  2 hound skeletons
  3 mummies (Ossuary)
  4 gnolls (D:5)
  7 adders
  2 adder skeletons (D:4)
  A worm (D:3)
  4 dart slugs
  10 orcs
  5 ball pythons
  7 endoplasms
  4 giant cockroaches
  5 goblins
  3 hobgoblins
  2 jackals (D:1)
  4 quokkas
  3 bats
  5 frilled lizards
  16 kobolds
  5 rats
146 creatures vanquished.

Notes
Turn   | Place    | Note
-------+----------+-------------------------------------------
     0 | D:1      | SweetAndFullOfGrace the Minotaur Berserker began the quest
                  | for the Orb.
     0 | D:1      | Reached XP level 1. HP: 19/19 MP: 0/0
    33 | D:1      | Found a faded altar of an unknown god.
    69 | D:1      | Reached skill level 4 in Axes
   153 | D:1      | Reached XP level 2. HP: 23/26 MP: 1/1
   829 | D:1      | Reached skill level 5 in Axes
  1066 | D:2      | Reached XP level 3. HP: 29/31 MP: 2/2
  1196 | D:2      | Noticed Terence
  1204 | D:2      | Reached ** piety under Trog
  1209 | D:2      | Killed Terence
  1210 | D:2      | Reached skill level 6 in Axes
  1210 | D:2      | Reached XP level 4. HP: 22/39 MP: 3/3
  1554 | D:2      | HP: 3/39 [orc (5)]
  1940 | D:2      | Reached XP level 5. HP: 45/45 MP: 4/4
  2104 | D:3      | Reached skill level 7 in Axes
  2120 | D:3      | Found Luesoce's Assorted Antiques.
  2128 | D:3      | Bought a fuming clear potion for 21 gold pieces
  2128 | D:3      | Bought a scroll labelled CUIBAKH JUTAA for 24 gold pieces
  2128 | D:3      | Bought a scroll labelled EFEMMI BUOTA for 24 gold pieces
  2165 | D:3      | Found a runed translucent door.
  2196 | D:3      | Noticed Crazy Yiuf
  2203 | D:3      | Killed Crazy Yiuf
  2368 | D:3      | Reached skill level 8 in Axes
  2421 | D:3      | Noticed Ijyb
  2429 | D:3      | Killed Ijyb
  2430 | D:3      | Reached XP level 6. HP: 51/51 MP: 5/5
  2710 | D:4      | Found a staircase to the Ecumenical Temple.
  2725 | Temple   | Entered the Ecumenical Temple
  3194 | D:4      | Identified the +0 helmet of Jekkoh {Fly rPois Int+5 Dex-4}
  3290 | D:4      | Found a runed translucent gate.
  3291 | D:4      | Found a runed translucent gate.
  3292 | D:4      | Found an opulent altar of Gozag.
  3292 | D:4      | Found a runed translucent gate.
  3299 | D:4      | Noticed PerfectTommy's ghost (amateur GnWn)
  3299 | D:4      | Noticed a steam dragon
  3644 | D:5      | Entered Level 5 of the Dungeon
  3751 | D:5      | Reached skill level 9 in Axes
  3785 | D:5      | Noticed an ice beast
  3802 | D:5      | Killed an ice beast
  3830 | D:5      | Noticed a sky beast
  3837 | D:5      | Killed a sky beast
  3838 | D:5      | Reached skill level 10 in Axes
  3838 | D:5      | Reached XP level 7. HP: 48/57 MP: 6/6
  4152 | D:5      | Reached skill level 4 in Fighting
  4345 | D:5      | Reached skill level 3 in Armour
  4346 | D:5      | Reached *** piety under Trog
  4530 | D:5      | Reached skill level 3 in Dodging
  4855 | D:6      | Reached XP level 8. HP: 61/67 MP: 7/7
  4936 | D:6      | Found a sand-covered staircase.
  4946 | Ossuary  | Entered an ossuary
  4978 | Ossuary  | Reached skill level 11 in Axes
  4978 | Ossuary  | Reached skill level 4 in Armour
  5003 | Ossuary  | Reached skill level 5 in Fighting
  5142 | Ossuary  | Reached skill level 4 in Dodging
  5346 | D:6      | Reached skill level 5 in Armour
  5870 | D:7      | Reached XP level 9. HP: 69/75 MP: 8/8
  5871 | D:7      | Reached skill level 6 in Fighting
  5871 | D:7      | Reached skill level 12 in Axes
  5900 | D:7      | Reached skill level 5 in Dodging
  5964 | D:7      | Found a flagged portal.
  5976 | D:7      | Noticed Harold
  5989 | D:7      | Killed Harold
  5990 | D:7      | Reached skill level 7 in Fighting
  5990 | D:7      | Reached skill level 6 in Armour
  6000 | D:7      | Reached skill level 13 in Axes
  6057 | Bailey   | Entered a bailey
  6075 | Bailey   | Reached **** piety under Trog
  6076 | Bailey   | Reached skill level 6 in Dodging
  6213 | Bailey   | Noticed an orc knight
  6239 | Bailey   | Killed an orc knight
  6240 | Bailey   | Reached XP level 10. HP: 40/86 MP: 9/9
  6445 | Bailey   | Identified the +6 spear of Watchfulness {pain, Str+4 Dex-5
                  | SInv}
  6470 | Bailey   | Noticed an orc knight
  6489 | Bailey   | Reached skill level 7 in Armour
  6489 | Bailey   | HP: 2/129 [orc warrior (13)]
  6490 | Bailey   | Killed an orc knight
  6491 | Bailey   | Mangled by an orc warrior

Illustrated notes

Levels and vault maps discovered:
D:1:      shiori_arrival_maze, layout_basic,
          hellmonk_ecumenical_altar_prayer_group, corexii_hall_statues_l
D:2:      layout_rooms, uniq_terence
D:3:      layout_basic, serial_shops, shop, uniq_ijyb, uniq_crazy_yiuf_cottage
D:4:      layout_basic, minmay_temple_entry_large_hall, ebering_ghost_gozag
D:5:      layout_basic
D:6:      layout_gridville, nicolae_ossuary_entry_monument,
          nicolae_concentric_dashed_squares_mild
D:7:      layout_cave_pools, enter_bailey_5, uniq_harold, uniq_duvessa
Temple:   mainiacjoe_temple_big_plus
Bailey:   bailey_axe_3, bailey

Skill      XL: |  1  2  3  4  5  6  7  8  9 10 |
---------------+-------------------------------+-----
Axes           | 4 5 6 8 10 11 13 | 13.7
Fighting       | 4 5 7 |  7.7
Armour         | 3 5 6 7 |  7.2
Dodging        | 3 4 6 |  6.6

Action                   |  1- 3 |  4- 6 |  7- 9 | 10-12 || total
-------------------------+-------+-------+-------+-------++-------
Melee: Hand axe          |    59 |    80 |       |       ||   139
       Headbutt          |     9 |    18 |    49 |     8 ||    84
       Punch             |       |     2 |     3 |       ||     5
       War axe           |       |    69 |   227 |    30 ||   326
Invok: Berserk           |       |     1 |     1 |     1 ||     3
  Use: Scroll            |     3 |     4 |     5 |       ||    12
       Potion            |       |     2 |     1 |       ||     3
Armor: Animal skin       |     4 |       |       |       ||     4
       Scale mail        |    12 |    53 |   131 |     6 ||   202
Dodge: Dodged            |    36 |    62 |   124 |    17 ||   239

Table legend: (Time is in decaauts)
 A = Elapsed time spent in this place.
 B = Non-inter-level travel time spent in this place.
 C = Inter-level travel time spent in this place.
 D = Time resting spent in this place.
 E = Time spent auto-exploring this place.
 F = Levels seen in this place.
 G = Mean time per level.
                   A        B        C        D        E       F      G
               +--------+--------+--------+--------+--------+-----+--------+
         Total |   6475 |   6221 |    254 |    695 |   3994 |  10 |  647.5 |
       Dungeon |   5425 |   5196 |    229 |    349 |   3611 |   7 |  775.0 |
        Temple |    416 |    391 |     25 |      0 |    383 |   1 |  416.0 |
       Ossuary |    222 |    222 |      0 |     64 |      0 |   1 |  222.0 |
        Bailey |    411 |    411 |      0 |    282 |      0 |   1 |  411.0 |
               +--------+--------+--------+--------+--------+-----+--------+

Top non-repeatable levels by time:
     D:5: 1122 daAuts
     D:2: 1080 daAuts
     D:1: 1048 daAuts
     D:6: 863 daAuts
     D:4: 641 daAuts
     D:3: 468 daAuts
  Temple: 416 daAuts
  Bailey: 411 daAuts
 Ossuary: 222 daAuts
     D:7: 200 daAuts

Table legend:
 A = Non-vault XP
 B = Vault XP
 C = Vault XP percentage of total XP
 D = Non-vault monster count
 E = Vault monster count
 F = Vault count percentage of total count
                 A         B        C        D         E       F
            +---------+---------+-------+---------+---------+-------
      Total |    2915 |    3621 |  55.4 |     105 |      41 |  28.1
            +---------+---------+-------+---------+---------+-------
        D:1 |      34 |       4 |  10.5 |      17 |       3 |  15.0
        D:2 |     122 |      36 |  22.8 |      20 |       1 |   4.8
        D:3 |     109 |      80 |  42.3 |      12 |       2 |  14.3
        D:4 |     107 |       0 |   0.0 |      19 |       0 |   0.0
        D:5 |     840 |       0 |   0.0 |      17 |       0 |   0.0
        D:6 |     630 |       0 |   0.0 |       9 |       0 |   0.0
        D:7 |    1073 |     863 |  44.6 |      11 |       5 |  31.2
    Ossuary |       0 |     796 | 100.0 |       0 |      15 | 100.0
     Bailey |       0 |    1842 | 100.0 |       0 |      15 | 100.0
            +---------+---------+-------+---------+---------+-------
